 Dungeon Crawl Stone Soup version 0.24-a0-92-g7d8ec57 (webtiles) character file.

Game seed: 12096026387561113941

602704 DrEnzyme the Evocator (level 26, -7/298 HPs)
             Began as a Deep Dwarf Wanderer on Feb 7, 2019.
             Was the Champion of Makhleb.
             Killed from afar by a hellephant (15 damage)
             ... with a blast of flame
             ... on level 5 of the Depths on Feb 8, 2019.
             The game lasted 08:49:58 (84982 turns).

DrEnzyme the Evocator (Deep Dwarf Wanderer)        Turns: 84982, Time: 08:49:58

Health: -7/298     AC: 37    Str: 22    XL:     26   Next: 53%
Magic:  8/8        EV:  6    Int: 21    God:    Makhleb [******]
Gold:   6425       SH: 22    Dex: 10    Spells: 32/32 levels left

rFire    + + +     SeeInvis +   a - +6 demon trident (elec)
rCold    + + +     Gourm    .   X - +3 shield {reflect}
rNeg     + . .     Faith    .   e - +2 gold dragon scales
rPois    +         Spirit   .   d - +1 helmet "Duvim" {rC+}
rElec    .         Reflect  +   H - +5 cloak of Demons {rC+ Int+4}
rCorr    +         Harm     .   S - -1 pair of gloves of the Ecumenical Temple {+Inv rCorr}
MR       ++++.                  Q - +2 pair of boots
Stlth    ..........             n - +4 amulet of reflection
HPRegen  0.00/turn              C - ring of Eghufix {+Blink rF++ rC+ MR+ Stlth-}
MPRegen  0.11/turn              O - ring of see invisible

@: lethally poisoned (-7 -> -7), non-regenerating, studying Throwing, very slow
A: damage resistance, heal wounds, claws 1, slimy green scales 1, low mp 2,
mutation resistance 1, negative energy resistance 1, sense surroundings 3,
robust 1, screaming 1, weak 2, no regeneration
0: Orb of Zot
}: 3/15 runes: barnacled, abyssal, gossamer
a: Heal Wounds, Minor Destruction, Lesser Servant of Makhleb, Major Destruction,
Greater Servant of Makhleb, Renounce Religion, Evoke Blink, Evoke Invisibility


You were on level 5 of the Depths.
You worshipped Makhleb.
Makhleb was exalted by your worship.
You were hungry.

You visited 10 branches of the dungeon, and saw 46 of its levels.
You visited the Abyss 9 times.
You also visited: Ice Cave, Volcano and Wizlab.

You collected 7989 gold pieces.
You spent 1564 gold pieces at shops.

Inventory:

Hand Weapons
 a - a +6 demon trident of electrocution (weapon)
Missiles
 k - 8 javelins of penetration (quivered)
 D - 14 javelins
 G - 78 tomahawks
 L - 7 silver javelins
Armour
 c - a +0 cloak
 d - the +1 helmet "Duvim" (worn) {rC+}
   (You bought it in a shop on level 1 of the Depths)

   It protects you from cold.
 e - +2 gold dragon scales (worn)
 B - the +6 chain mail of Distant Shores {Str+4 Dex+2}
   (You found it on level 2 of the Spider Nest)

   It affects your strength (+4).
   It affects your dexterity (+2).
 H - the +5 cloak of Demons (worn) {rC+ Int+4}
   (You found it on level 11 of the Dungeon)

   It affects your intelligence (+4).
   It protects you from cold.
 Q - a +2 pair of boots (worn)
 S - the -1 pair of gloves of the Ecumenical Temple (worn) {+Inv rCorr}
   (You found it in an ice cave)

   It lets you turn invisible.
   It provides partial protection from all sources of acid and corrosion.
 X - a +3 shield of reflection (worn)
Jewellery
 n - a +4 amulet of reflection (around neck)
 s - the ring "Vaol" {rElec MP+9 EV+6 Str+4 Dex-4}
   (You took it off a deep elf elementalist on level 3 of the Elven Halls)

   [ring of evasion]

   It affects your evasion (+6).
   It affects your strength (+4).
   It affects your dexterity (-4).
   It insulates you from electricity.
   It affects your magic capacity (+9).
 w - an uncursed ring of poison resistance
 C - the ring of Eghufix (left hand) {+Blink rF++ rC+ MR+ Stlth-}
   (You found it on level 4 of the Shoals)

   [ring of protection from magic]

   It greatly protects you from fire.
   It protects you from cold.
   It affects your resistance to hostile enchantments.
   It lets you blink.
   It makes you less stealthy.
 O - a ring of see invisible (right hand)
Wands
 g - a wand of iceblast (2)
 j - a wand of disintegration (5)
 p - a wand of polymorph (16)
 r - a wand of random effects (51)
 v - a wand of acid (8)
 I - a wand of digging (8)
 P - a wand of flame (59)
Scrolls
 h - 5 scrolls of magic mapping
 i - 7 scrolls of identify
 t - 24 scrolls of remove curse
 y - a scroll of fog
Potions
 z - 4 potions of resistance
 J - 5 potions of flight
Books
 A - a manual of Throwing
Miscellaneous
 m - a phial of floods (inert)
 M - a lightning rod (4/4)
 V - a fan of gales
 Y - a lamp of fire
Comestibles
 f - 35 rations


   Skills:
 + Level 22.6 Fighting
   Level 12.0 Maces & Flails
 - Level 19.6 Polearms
   Level 1.1 Crossbows
 - Level 6.6 Throwing
 - Level 15.1 Armour
 - Level 1.5 Dodging
 - Level 2.7 Stealth
 - Level 17.7 Shields
 - Level 3.5 Spellcasting
 - Level 16.1 Invocations
 - Level 25.0 Evocations


You had 32 spell levels left.
You didn't know any spells.
Your spell library contained the following spells:

 Spells                   Type           Power        Failure   Level  Hunger
 Animate Skeleton         Necr           N/A          99%         1    None
 Confusing Touch          Hex            #.....       99%         1    None
 Corona                   Hex            #......      99%         1    None
 Flame Tongue             Conj/Fire      #....        99%         1    None
 Infusion                 Chrm           #...         99%         1    None
 Magic Dart               Conj           #...         99%         1    None
 Pain                     Necr           #...         99%         1    None
 Sandblast                Erth           #.....       99%         1    None
 Shock                    Conj/Air       #...         99%         1    None
 Blink                    Tloc           N/A          100%        2    ##.....
 Call Imp                 Summ           #.......     100%        2    ##.....
 Corpse Rot               Necr           N/A          100%        2    ##.....
 Ensorcelled Hibernation  Hex/Ice        #.....       100%        2    ##.....
 Passwall                 Tmut/Erth      #.......     100%        2    ##.....
 Searing Ray              Conj           #.....       100%        2    ##.....
 Shroud of Golubria       Chrm/Tloc      #.........   100%        2    ##.....
 Slow                     Hex            #.......     100%        2    ##.....
 Song of Slaying          Chrm           #.......     100%        2    ##.....
 Sublimation of Blood     Necr           #.........   100%        2    ##.....
 Swiftness                Chrm/Air       #.......     100%        2    ##.....
 Throw Flame              Conj/Fire      #.....       100%        2    ##.....
 Confuse                  Hex            #.......     100%        3    ###....
 Conjure Flame            Conj/Fire      #.......     100%        3    ###....
 Dazzling Spray           Conj/Hex       #.....       100%        3    ###....
 Gell's Gravitas          Tloc           #.........   100%        3    ###....
 Ignite Poison            Fire/Tmut/Pois #.......     100%        3    ###....
 Inner Flame              Hex/Fire       #.......     100%        3    ###....
 Lesser Beckoning         Tloc           #.........   100%        3    ###....
 Mephitic Cloud           Conj/Pois/Air  #.......     100%        3    ###....
 Spectral Weapon          Hex/Chrm       #.......     100%        3    ###....
 Spider Form              Tmut/Pois      #.........   100%        3    ###....
 Static Discharge         Conj/Air       #.......     100%        3    ###....
 Stone Arrow              Conj/Erth      #.....       100%        3    ###....
 Teleport Other           Tloc           #.......     100%        3    ###....
 Tukima's Dance           Hex            #.......     100%        3    ###....
 Airstrike                Air            #.........   100%        4    ####...
 Animate Dead             Necr           N/A          100%        4    ####...
 Cause Fear               Hex            #.........   100%        4    ####...
 Force Lance              Conj/Tloc      #.......     100%        4    ####...
 Fulminant Prism          Conj/Hex       #.........   100%        4    ####...
 Ice Form                 Ice/Tmut       #.......     100%        4    ####...
 Iskenderun's Mystic Bla  Conj           #.......     100%        4    ####...
 Leda's Liquefaction      Hex/Erth       #.........   100%        4    ####...
 Petrify                  Tmut/Erth      #.......     100%        4    ####...
 Sticky Flame             Conj/Fire      #.......     100%        4    ####...
 Alistair's Intoxication  Tmut/Pois      #.......     100%        5    ######.
 Bolt of Draining         Conj/Necr      #.........   100%        5    ######.
 Bolt of Magma            Conj/Fire/Erth #.........   100%        5    ######.
 Borgnjor's Vile Clutch   Necr/Erth      #.........   100%        5    ######.
 Fireball                 Conj/Fire      #.........   100%        5    ######.
 Irradiate                Conj/Tmut      #.........   100%        5    ######.
 Iskenderun's Battlesphe  Conj/Chrm      #.......     100%        5    ######.
 Lee's Rapid Deconstruct  Erth           #.........   100%        5    ######.
 Lightning Bolt           Conj/Air       #.........   100%        5    ######.
 Metabolic Englaciation   Hex/Ice        #.........   100%        5    ######.
 Silence                  Hex/Air        #.........   100%        5    ######.
 Yara's Violent Unravell  Hex/Tmut       #.........   100%        5    ######.
 Bolt of Fire             Conj/Fire      #.........   100%        6    #######
 Death Channel            Necr           #.........   100%        6    #######
 Deflect Missiles         Chrm/Air       #.........   100%        6    #######
 Iron Shot                Conj/Erth      #.........   100%        6    #######
 Simulacrum               Ice/Necr       #.........   100%        6    #######
 Statue Form              Tmut/Erth      #........    100%        6    #######
 Dragon Form              Tmut           #.........   100%        7    #######
 Ring of Flames           Chrm/Fire      #.........   100%        7    #######
 Discord                  Hex            #.........   100%        8    #######
 Ignition                 Fire           #.........   100%        8    #######
 Dragon's Call            Summ           #.........   100%        9    #######
 Shatter                  Erth           #.........   100%        9    #######
 Regeneration             Chrm/Necr      Unusable     N/A         3    N/A
 Passage of Golubria      Tloc           Unusable     N/A         4    N/A

Dungeon Overview and Level Annotations

Branches:
Dungeon (15/15)            Temple (1/1) D:4            Lair (6/6) D:8
 Shoals (4/4) Lair:2       Spider (4/4) Lair:4        Slime (0/5) Lair:5
    Orc (2/2) D:12            Elf (3/3) Orc:2        Vaults (1/5) D:13
 Depths (5/5) D:15            Zot (5/5) Depths:5

Altars:
Ashenzari
Cheibriados
Dithmenos
Elyvilon
Fedhas
Gozag
Hepliaklqana
Kikubaaqudgha
Makhleb
Nemelex Xobeh
Okawaru
Qazlal
Ru
Sif Muna
Trog
Uskayaw
Vehumet
Wu Jian
Xom
Yredelemnul
Zin
The Shining One
Beogh
Jiyva

Shops:
D:7 *   Orc:2 *[%(   Depths:1 [

Portals:
Hell: Depths:1 Depths:2 Depths:3 Depths:4 Depths:5
Abyss: Depths:1 Depths:4
Pandemonium: Depths:1 Depths:3 Depths:5
Ziggurat: Depths:5

Annotations:
D:6 exclusion: downstairs
D:10 RedSky's ghost, novice DECj; tuf08440's ghost, novice TrGl
D:13 exclusion: downstairs
Lair:4 1 runed translucent door, busb's ghost, journeyman OgWn
Lair:5 exclusion: 2 downstairs
Shoals:1 3 runed translucent doors, exclusion: 3 doors, Decrebir's ghost, adept DDFi; Roxanne
Shoals:2 exclusion: downstairs
Shoals:3 exclusion: downstairs
Spider:1 exclusion: downstairs
Spider:2 exclusion: downstairs
Elf:2 3 runed translucent doors
Depths:1 exclusion: downstairs
Depths:2 exclusion: downstairs
Depths:3 exclusion: downstairs
Zot:1 exclusion: downstairs
Zot:2 exclusion: downstairs
Zot:3 exclusion: 4 doors
Zot:4 2 transporters, exclusion: obsidian statue


Innate Abilities, Weirdness & Mutations

You are resistant to damage.
You can heal yourself by infusing magical energy.
You resist negative energy. (rN+)
You passively map a large area around you.
You do not regenerate.
You have sharp fingernails.
You are partially covered in slimy green scales. (AC +2)
Your magical capacity is very low. (-20% MP)
You are somewhat resistant to further mutation.
You are robust. (+10% HP)
You occasionally shout uncontrollably at your foes.
You are very weak. (Str -4)


Message History

The Executioner collides with the Executioner!
The wave splashes down.
Splash!
You fall into the shallow water.
Moving in this stuff is going to be slow.
The water rises up and takes form.
The Executioner hits your water elemental.
The Executioner hits your water elemental! x3
The Executioner barely misses your water elemental.
The Executioner hits your water elemental.
The Executioner hits your water elemental!
The Executioner hits your water elemental. x2
The hellephant breathes flames at you.
The blast of flame hits the Executioner!!
The Executioner resists.
The blast of flame hits your water elemental!!!!
Your water elemental is burned terribly!
Your water elemental is destroyed!
The blast of flame hits you! You resist.
You die...

#.#......#.#.......##............
#.#......#.#....(...###........(.
#..#'#####.#...[##### ###...###'#
#)##.# #.#..##'...###.###...#.#
÷.##.# #.#..#.......#...###....
[.##.#####.#.##..[...)##....####.
.........+.#.#..≈≈≈≈(..#.......##
.###.#####.###..≈≈1Y≈..'..⌠.[....
.....# #.#.#..@§1≈≈..#.......##
###### #.#.##.≈≈[E≈.##....####.
....# #.#..#.≈≈)≈≈.#...###....
....# #.#..##'...###.###......
....# #.#...(##### ###...##...
.(.(# #.#........###.....##...
....# ##.#......###...##..##...
....# #..#..⌠..###...###..##...
.((.# #.##....##...#.# #..##...


You could see a hellephant, 2 Executioners and a friendly water elemental.

Vanquished Creatures
  4 orbs of fire
  2 ancient liches
  A juggernaut (Depths:5)
  8 Killer Klowns (Zot:5)
  Sojobo (Depths:2)
  Xtahua (Depths:5)
  2 curse toes
  Saint Roka (Depths:5)
  Nikola (Shoals:1)
  6 golden dragons
  Jory (Depths:3)
  Arachne (Spider:4)
  3 electric golems
  A Tzitzimitl (Zot:1)
  11 tentacled monstrosities
  29 Orb Guardians
  A Hell Sentinel (Abyss:1)
  3 liches
  An acid blob (Zot:5)
  3 quicksilver dragons
  Polyphemus (Shoals:4)
  An Executioner (Abyss:1)
  A deep elf master archer (Elf:3)
  12 tentacled starspawn
  5 death cobs
  5 tengu reavers
  Kirke (Spider:3)
  9 shadow dragons
  17 storm dragons
  Ilsuiw (Shoals:2)
  9 draconian monks
  3 iron dragons
  4 fire giants
  4 frost giants
  2 daevas (Depths:5)
  2 vault wardens (Vaults:1)
  3 ghost moths
  10 emperor scorpions
  13 draconian knights
  4 orc warlords
  6 deep elf elementalists (Elf:3)
  4 draconian scorchers
  5 draconian shifters
  2 balrugs
  3 reapers
  3 draconian annihilators
  A cacodemon (Abyss:1)
  16 stone giants
  5 draconian stormcallers
  3 ironheart preservers (Vaults:1)
  10 very ugly things
  3 lorocyprocas
  An entropy weaver (Spider:3)
  10 spark wasps
  2 deep elf demonologists (Elf:3)
  10 green draconians
  20 red draconians
  A dire elephant (D:15)
  15 black draconians
  8 deep elf annihilators
  13 purple draconians
  4 yellow draconians
  7 white draconians
  Snorg (Lair:4)
  5 merfolk javelineers
  9 deep elf death magi
  7 ettins
  A blizzard demon (Depths:3)
  2 green deaths
  12 merfolk impalers
  7 yaktaur captains
  13 deep elf high priests
  8 fire dragons
  4 great orbs of eyes
  6 hydras
  A great orb of eyes (shapeshifter) (Depths:3)
  7 vault guards
  5 spriggan air magi
  4 rakshasas (Depths:1)
  5 ice dragons
  2 catoblepae
  The ghost of ultrashaft the Protected, a journeyman GnWn of Okawaru (D:10)
  3 centaur warriors
  A merfolk avatar (Shoals:4)
  Erica (Orc:1)
  6 ogre magi
  33 two-headed ogres
  A satyr (Shoals:1)
  6 merfolk aquamancers
  9 dancing weapons
  A death knight (D:13)
  The ghost of ShrewdGherkins the Cleaver, a novice DsBe of Trog (D:10)
  4 alligator snapping turtles
  17 tengu warriors
  8 death yaks
  4 deep troll shamans
  A vampire mage (Depths:2)
  A hell hog (Depths:2)
  A deep troll earth mage (Depths:2)
  26 large abominations
  4 orc high priests (Orc:2)
  5 thrashing horrors
  10 spriggan berserkers
  6 sun demons
  3 skeletal warriors (Depths:3)
  9 hell knights
  7 iron trolls
  16 deep elf knights
  3 soul eaters (Depths:3)
  7 wretched stars
  A sixfirhy (Abyss:2)
  A storm dragon skeleton (Abyss:1)
  2 spatial maelstroms (Abyss:5)
  A quicksilver dragon simulacrum (Depths:3)
  A death drake (Abyss:1)
  5 unseen horrors
  4 glowing orange brains
  9 sea snakes
  A flayed ghost (Abyss:3)
  21 deep trolls
  A phantasmal warrior (D:13)
  2 wizards
  An obsidian statue (Zot:5)
  17 deep elf archers
  8 orc knights
  18 harpies
  3 ironbrand convokers (Vaults:1)
  8 orc sorcerers
  7 necromancers
  39 ugly things
  3 cyclopes
  10 manticores
  3 shining eyes
  7 fauns
  An orb spider (shapeshifter) (Depths:1)
  50 deep elf magi
  17 wolf spiders
  22 orb spiders
  A salamander (Abyss:1)
  21 moths of wrath
  7 worldbinders
  The ghost of bonscott the Conjurer, a novice OpCj (D:10)
  9 elephants
  6 black mambas
  11 rust devils
  An apocalypse crab (Abyss:4)
  7 water nymphs
  4 eyes of devastation (Abyss:5)
  4 merfolk sirens
  A naga mage (D:15)
  A spiny frog (shapeshifter) (Abyss:1)
  A vault sentinel (Vaults:1)
  A guardian serpent (Abyss:1)
  6 spiny frogs
  A gargoyle (D:7)
  3 ice statues
  5 orange demons
  2 hellions (Abyss:1)
  9 smoke demons
  4 komodo dragons
  A rime drake (Lair:6)
  3 kobold demonologists
  A yaktaur (shapeshifter) (Depths:4)
  18 yaktaurs
  A komodo dragon (shapeshifter) (Depths:2)
  8 demonic crawlers
  7 tengu conjurers
  A freezing wraith (Depths:3)
  2 hellwings (Abyss:1)
  6 efreet
  8 ice devils
  4 red devils
  31 merfolk
  A jumping spider (shapeshifter) (Depths:3)
  3 polar bears (Lair:6)
  8 ancient zymes
  12 trolls
  34 jumping spiders
  10 snapping turtles
  A troll (shapeshifter) (Depths:3)
  6 hornets
  A tyrant leech (Shoals:3)
  19 raiju
  9 blink frogs
  21 slime creatures
  5 wind drakes
  A fire dragon zombie (WizLab)
  12 dream sheep
  11 hippogriffs
  36 starcursed masses
  5 ynoxinuls
  82 redbacks
  2 air elementals
  5 flying skulls
  5 shadows
  6 wraiths
  14 spriggans
  30 tarantellas
  2 fire elementals
  6 wyverns
  8 water elementals
  A vampire (D:13)
  2 golden eyes (shapeshifter)
  4 hogs (Spider:2)
  5 humans (Zot:3)
  9 fire bats
  4 golden eyes
  47 yaks
  2 vampire mosquitoes (D:12)
  6 chaos spawn
  3 basilisks
  5 neqoxecs
  10 wargs
  6 insubstantial wisps (Abyss:2)
  6 water moccasins
  11 hell hounds
  A spiny frog zombie (Abyss:4)
  3 floating eyes
  9 porcupines
  2 soldier ants
  2 ice beasts
  7 sky beasts
  A sky beast (shapeshifter) (Depths:2)
  A black bear (shapeshifter) (D:13)
  3 black bears (Lair:6)
  An ogre (shapeshifter) (Abyss:1)
  63 orc warriors
  5 ettin simulacra (Depths:3)
  25 ogres
  3 phantoms
  20 wolves
  8 boggarts
  10 centaurs
  6 crocodiles
  4 elf zombies (Elf:1)
  3 big kobolds
  13 bullfrogs
  A wyvern zombie (D:13)
  3 earth elementals
  A gnoll sergeant (D:10)
  6 scorpions
  32 small abominations
  2 wyvern skeletons
  5 killer bees (D:11)
  15 wights
  3 electric eels
  2 howler monkeys
  10 crimson imps
  A centaur zombie (D:8)
  10 quasits
  8 jellies
  27 orc wizards
  2 bullfrog zombies
  6 hounds
  40 orc priests
  Crazy Yiuf (D:4)
  8 iron imps
  2 bullfrog skeletons (D:10)
  3 centaur skeletons
  3 iguanas
  Natasha (thrice) (D:2)
  9 worker ants
  A killer bee zombie (D:8)
  A worker ant zombie (D:4)
  A howler monkey skeleton (D:7)
  5 gnolls (D:10)
  15 adders
  7 shadow imps
  27 white imps
  16 ufetubi
  3 oozes
  An adder zombie (D:10)
  A worm (D:3)
  2 dart slugs
  7 leopard geckos
  153 orcs
  9 bats
  5 giant cockroaches
  9 goblins
  15 hobgoblins
  19 jackals
  4 quokkas
  A ball python (D:4)
  5 frilled lizards
  A jackal skeleton (D:5)
  26 kobolds
  A quokka zombie (D:8)
  9 rats
  2 crawling corpses (Elf:3)
  3 fungi
  A lurking horror (Abyss:1)
  6 plants
2319 creatures vanquished.

Vanquished Creatures (collateral kills)
  A Killer Klown (Zot:3)
  Margery (Depths:3)
  2 golden dragons
  3 tentacled monstrosities
  A deep elf blademaster (Elf:3)
  A quicksilver dragon (Zot:4)
  Asterion (Elf:1)
  A tengu reaver (Depths:3)
  2 shadow dragons
  2 deep elf sorcerers
  A draconian scorcher (Zot:1)
  2 frost giants
  An angel (Zot:4)
  A black draconian (Zot:3)
  A deep elf annihilator (Elf:3)
  An ettin (Depths:4)
  A deep elf death mage (Elf:3)
  A fire dragon (Depths:2)
  A hydra (Lair:5)
  A catoblepas (Shoals:4)
  2 alligator snapping turtles
  2 dancing weapons
  3 death yaks (Shoals:4)
  A deep troll earth mage (Depths:5)
  A thrashing horror (Abyss:1)
  3 sea snakes (Shoals:4)
  2 deep elf archers (Vaults:1)
  An orc knight (Orc:1)
  A wolf spider (Spider:4)
  2 ugly things (Depths:2)
  2 manticores (Shoals:4)
  A cyclops (Shoals:4)
  2 moths of wrath
  2 merfolk sirens (Shoals:4)
  A water nymph (Shoals:4)
  A yaktaur (Depths:2)
  An efreet (D:14)
  8 merfolk
  2 wind drakes
  2 dream sheep (Shoals:4)
  A snapping turtle (Shoals:4)
  2 yaks
  A human (Zot:3)
  A swamp worm (shapeshifter) (Depths:2)
  2 orc warriors (D:12)
  A porcupine (Lair:5)
  A boggart (Depths:1)
  A wyvern zombie (D:12)
  3 orc priests
  2 orc wizards (D:11)
  A shadow imp (Abyss:3)
  9 orcs
91 creatures vanquished.

Vanquished Creatures (others)
  A caustic shrike (Depths:2)
  A deep elf master archer (Elf:3)
  A tentacled starspawn (Abyss:2)
  A draconian knight (Zot:3)
  A fire giant (Depths:2)
  An orc warlord (Orc:1)
  A draconian stormcaller (Depths:5)
  3 stone giants
  A very ugly thing (Depths:4)
  A deep elf demonologist (Elf:3)
  A black draconian (Zot:1)
  2 yellow draconians
  A great orb of eyes (Depths:1)
  A centaur warrior (D:15)
  A satyr (Shoals:3)
  4 deep troll earth magi
  3 deep troll shamans (Depths:4)
  A deep elf knight (Elf:3)
  An iron troll (Depths:4)
  A quicksilver dragon simulacrum (Depths:3)
  A sea snake (Shoals:1)
  4 deep elf archers
  A manticore (D:15)
  An orb spider (Spider:4)
  An ugly thing (D:15)
  A faun (Shoals:3)
  A cyclops (Shoals:1)
  3 deep elf magi (Elf:3)
  7 yaktaurs
  A wind drake (Shoals:1)
  A jumping spider (Spider:1)
  A wraith (Depths:3)
  A redback (Spider:1)
  2 humans (Spider:3)
  A water elemental (Depths:1)
  A neqoxec (Abyss:2)
  A naga (Abyss:1)
  An orc warrior (Orc:1)
  2 ogres (Depths:1)
  3 centaurs
  2 white imps (IceCv)
  An ufetubus (IceCv)
  2 orcs
  2 crawling corpses (Depths:3)
  13 fungi
  A lurking horror (Abyss:1)
  26 plants
  31 starspawn tentacles
141 creatures vanquished.

Grand Total: 2551 creatures vanquished

Notes
Turn   | Place    | Note
-------+----------+-------------------------------------------
     0 | D:1      | DrEnzyme the Deep Dwarf Wanderer began the quest for the
                  | Orb.
     0 | D:1      | DrEnzyme set off with the following items: a +2 spear, a
                  | potion of lignification, a potion of curing, a +0 robe, a
                  | +0 dagger, a ration
     0 | D:1      | Reached XP level 1. HP: 19/19 MP: 2/2
   261 | D:1      | Reached XP level 2. HP: 16/26 MP: 3/3
   548 | D:1      | Reached XP level 3. HP: 18/32 MP: 4/4
  1215 | D:2      | Reached XP level 4. HP: 19/40 MP: 5/5
  1256 | D:2      | Found a sparkling altar of Nemelex Xobeh.
  1326 | D:2      | Noticed Natasha
  1340 | D:2      | Killed Natasha
  1524 | D:2      | Noticed Natasha
  1534 | D:2      | Killed Natasha
  1534 | D:2      | Reached XP level 5. HP: 33/46 MP: 5/5
  1539 | D:2      | Noticed Natasha
  1550 | D:2      | Killed Natasha
  2310 | D:3      | Reached skill level 1 in Throwing
  2426 | D:3      | Found a sparkling altar of Nemelex Xobeh.
  2773 | D:4      | Found a basalt altar of Yredelemnul.
  2799 | D:4      | Reached XP level 6. HP: 41/56 MP: 6/6
  3037 | D:4      | Found a staircase to the Ecumenical Temple.
  3058 | Temple   | Entered the Ecumenical Temple
  3063 | Temple   | Became a worshipper of Makhleb the Destroyer
  3300 | D:4      | Found an ancient bone altar of Kikubaaqudgha.
  3483 | D:4      | Found a sacrificial altar of Ru.
  3560 | D:4      | Found a runed translucent door.
  3561 | D:4      | Noticed Crazy Yiuf
  3590 | D:5      | Entered Level 5 of the Dungeon
  3590 | D:5      | Noticed an ice beast
  3733 | D:5      | Reached XP level 7. HP: 41/62 MP: 6/6
  3823 | D:5      | Reached skill level 5 in Armour
  3851 | D:5      | Reached skill level 5 in Polearms
  4325 | D:5      | Reached XP level 8. HP: 23/72 MP: 7/7
  4509 | D:5      | Reached * piety under Makhleb
  4630 | D:5      | Found a shadowy altar of Dithmenos.
  5405 | D:6      | Upgraded the game from 0.24-a0-82-gcb1519b to
                  | 0.24-a0-84-g25a2d9f
  5706 | D:6      | Found a glowing silver altar of Zin.
  5734 | D:6      | Reached ** piety under Makhleb
  6022 | D:7      | Gained mutation: You passively map the area around you.
                  | [Deep Dwarf growth]
  6022 | D:7      | Reached XP level 9. HP: 53/80 MP: 8/8
  6058 | D:7      | Reached skill level 5 in Fighting
  6181 | D:7      | Noticed a gargoyle
  6204 | D:7      | Killed a gargoyle
  6213 | D:7      | Found Tanuat's General Store.
  6230 | D:7      | Bought a scroll of enchant armour for 120 gold pieces
  6473 | D:7      | Found an opulent altar of Gozag.
  7053 | D:8      | Reached *** piety under Makhleb
  7302 | D:8      | Found a staircase to the Lair.
  7337 | D:8      | Reached XP level 10. HP: 61/91 MP: 9/9
  7723 | D:8      | Reached **** piety under Makhleb
  8111 | D:9      | Found an iron altar of Okawaru.
  8214 | D:9      | Got a fabulously ornate robe
  8215 | D:9      | Identified the +1 robe of the Spider Nest {rPois} (You
                  | found it on level 9 of the Dungeon)
  8371 | D:9      | Got a crude scale mail
  8382 | D:9      | Identified the +4 scale mail "Ymoampew" {rN+ Int+3 Stlth-}
                  | (You found it on level 9 of the Dungeon)
  8462 | D:9      | Noticed a two-headed ogre
  8727 | D:10     | Entered Level 10 of the Dungeon
  8833 | D:10     | Found the +18 shield of the Gong {rElec rN+ MR+ EV-5}
  8903 | D:10     | Noticed bonscott's ghost (novice OpCj)
  8904 | D:10     | Found a runed translucent gate.
  8904 | D:10     | Noticed RedSky's ghost (novice DECj)
  8904 | D:10     | Noticed tuf08440's ghost (novice TrGl)
  8904 | D:10     | Noticed ultrashaft's ghost (journeyman GnWn)
  8905 | D:10     | Found a runed translucent gate.
  8905 | D:10     | Found a runed translucent gate.
  8905 | D:10     | Noticed ShrewdGherkins's ghost (novice DsBe)
  9187 | D:10     | Noticed a wizard
  9203 | D:10     | Cast into level 2 of the Abyss (a wizard)
  9211 | Abyss:2  | Noticed a starcursed mass
  9234 | Abyss:2  | Found a corrupted altar of Lugonu.
  9280 | Abyss:2  | Noticed an apocalypse crab
  9322 | Abyss:2  | Noticed a smoke demon
  9325 | Abyss:2  | Noticed a sixfirhy
  9334 | Abyss:2  | Noticed a revenant
  9500 | Abyss:2  | Found a corrupted altar of Lugonu.
  9510 | Abyss:2  | Noticed a starcursed mass
  9524 | Abyss:2  | Noticed a tentacled starspawn
  9525 | Abyss:2  | Noticed a starcursed mass
  9570 | Abyss:2  | Noticed an orc sorcerer
  9588 | Abyss:2  | Killed an orc sorcerer
  9588 | Abyss:2  | Reached skill level 10 in Polearms
  9642 | Abyss:2  | Noticed a starcursed mass
  9673 | Abyss:2  | Found a corrupted altar of Lugonu.
  9681 | Abyss:2  | Noticed a thrashing horror
  9729 | Abyss:2  | Noticed a tentacled starspawn
  9750 | Abyss:2  | Killed a tentacled starspawn
  9750 | Abyss:2  | Reached XP level 11. HP: 42/100 MP: 9/9
  9753 | D:10     | Escaped the Abyss
  9760 | D:10     | Killed a wizard
  9800 | D:10     | Got a jewelled scale mail
  9801 | D:10     | Identified the +4 scale mail "Adadozun" {+Fly} (You found
                  | it on level 10 of the Dungeon)
 10010 | D:10     | Reached ***** piety under Makhleb
 10031 | D:10     | Reached skill level 10 in Armour
 10246 | D:11     | Reached skill level 5 in Throwing
 10249 | D:11     | Noticed a two-headed ogre
 10469 | D:11     | Killed a two-headed ogre
 10658 | D:11     | Noticed a two-headed ogre
 10667 | D:11     | Killed a two-headed ogre
 11208 | Lair:1   | Entered Level 1 of the Lair of Beasts
 11412 | Lair:1   | Found a dark tunnel.
 11420 | Volcano  | Entered a volcano
 11627 | D:7      | Bought a wand of acid (7) for 352 gold pieces
 11882 | D:7      | Bought a scroll of enchant weapon for 120 gold pieces
 12268 | Lair:1   | Noticed an eight-headed hydra
 12273 | Lair:1   | Killed an eight-headed hydra
 12273 | Lair:1   | Reached XP level 12. HP: 79/112 MP: 10/10
 13060 | Lair:2   | Reached skill level 10 in Fighting
 13203 | Lair:2   | Found a staircase to the Shoals.
 13227 | Lair:2   | Reached ****** piety under Makhleb
 13746 | Lair:3   | Noticed a five-headed hydra
 13751 | Lair:3   | Killed a five-headed hydra
 13764 | Lair:3   | Gained mutation: Your body sometimes deteriorates upon
                  | taking damage. [potion of mutation]
 13764 | Lair:3   | Gained mutation: Your spells are a little harder to cast,
                  | but a little more powerful. [potion of mutation]
 13764 | Lair:3   | Gained mutation: You occasionally shout uncontrollably at
                  | your foes. [potion of mutation]
 13764 | Lair:3   | Gained mutation: You expend magic power (3 MP) to
                  | strengthen your wands. [potion of mutation]
 13765 | Lair:3   | Lost mutation: You occasionally shout uncontrollably at
                  | your foes. [potion of mutation]
 13765 | Lair:3   | Lost mutation: Your spells are a little harder to cast, but
                  | a little more powerful. [potion of mutation]
 13765 | Lair:3   | Gained mutation: You are resistant to hostile enchantments.
                  | (MR+) [potion of mutation]
 13765 | Lair:3   | Gained mutation: You evolve. [potion of mutation]
 13791 | Lair:3   | Noticed a death yak
 13833 | Lair:3   | Noticed a death yak
 14095 | D:7      | Bought a scroll of identify for 32 gold pieces
 14095 | D:7      | Bought a scroll of teleportation for 48 gold pieces
 14444 | Lair:4   | Noticed Snorg
 14455 | Lair:4   | Killed Snorg
 14463 | Lair:4   | Reached XP level 13. HP: 124/124 MP: 5/11
 14522 | Lair:4   | Gained mutation: Your skin changes colour to match your
                  | surroundings (Stealth+). [evolution]
 14522 | Lair:4   | Lost mutation: You evolve. [end of evolution]
 15165 | Lair:4   | Found a runed translucent door.
 15165 | Lair:4   | Found a shimmering altar of Xom.
 15165 | Lair:4   | Noticed busb's ghost (journeyman OgWn)
 15725 | D:4      | Killed Crazy Yiuf
 16301 | D:12     | Found a roughly hewn altar of Beogh.
 16301 | D:12     | Found a staircase to the Orcish Mines.
 16548 | D:12     | Found a frozen archway.
 16557 | IceCv    | Entered an ice cave
 16753 | IceCv    | Got a pair of faintly humming gloves
 16755 | IceCv    | Got a pair of faintly glowing gloves
 16787 | IceCv    | Identified the cursed +0 pair of gloves of True Grit
                  | {rElec} (You found it in an ice cave)
 16798 | IceCv    | Identified the cursed -1 pair of gloves of the Ecumenical
                  | Temple {+Inv rCorr} (You found it in an ice cave)
 17055 | IceCv    | Noticed a reaper
 17075 | IceCv    | Killed a reaper
 17464 | Orc:1    | Entered Level 1 of the Orcish Mines
 17489 | D:12     | Reached skill level 1 in Maces & Flails
 17665 | D:12     | Upgraded the game from 0.24-a0-84-g25a2d9f to
                  | 0.24-a0-89-gce0dbf4
 17902 | Orc:1    | Noticed an orc warlord
 19035 | Lair:4   | Reached skill level 5 in Maces & Flails
 19962 | Lair:4   | Found a hole to the Spider Nest.
 20021 | Lair:5   | Reached skill level 2 in Evocations
 20176 | Lair:5   | Reached skill level 3 in Evocations
 20218 | Lair:5   | Gained mutation: You resist negative energy. (rN+) [Deep
                  | Dwarf growth]
 20218 | Lair:5   | Reached XP level 14. HP: 135/135 MP: 10/10
 20673 | Lair:5   | Found a viscous altar of Jiyva.
 20674 | Lair:5   | Found a staircase to the Slime Pits.
 20763 | Lair:5   | Reached skill level 4 in Evocations
 20925 | Lair:5   | Reached skill level 5 in Evocations
 21003 | Lair:6   | Entered Level 6 of the Lair of Beasts
 21083 | Lair:6   | Reached skill level 6 in Evocations
 21405 | Lair:6   | Noticed Urug
 21976 | D:13     | Found a gate to the Vaults.
 22853 | Lair:6   | Found a basalt altar of Yredelemnul.
 22858 | Lair:6   | Got a translucent leather armour
 22859 | Lair:6   | Identified the +0 leather armour "Cigup" {+Inv rElec
                  | Stlth+} (You found it on level 6 of the Lair of Beasts)
 23461 | Lair:5   | Reached skill level 1 in Shields
 23600 | Lair:6   | Noticed Urug
 23600 | Lair:6   | Urug changed into Urug the shining eye
 23607 | Lair:6   | Gained mutation: Your magical capacity is low. (-10% MP)
                  | [Urug]
 23629 | Lair:6   | Killed Urug the shining eye
 23905 | Lair:6   | Reached skill level 10 in Maces & Flails
 25073 | D:12     | Killed an orc warlord
 25234 | Orc:1    | Noticed an orc warlord
 25324 | D:12     | Killed an orc warlord
 25615 | Orc:2    | Entered Level 2 of the Orcish Mines
 25824 | Orc:2    | Reached XP level 15. HP: 141/141 MP: 8/8
 26262 | Orc:2    | Found Kapp's Weapon Boutique.
 26339 | Orc:2    | Found Dokk's Food Shop.
 26444 | Orc:2    | Found a roughly hewn altar of Beogh.
 26717 | Orc:2    | Noticed an orc warlord
 26730 | Orc:2    | Killed an orc warlord
 26809 | Orc:2    | Reached skill level 5 in Invocations
 27450 | Orc:2    | Found Abocs's Antique Armour Emporium.
 27739 | Orc:2    | Noticed an orc warlord
 27819 | Orc:2    | Killed an orc warlord
 27839 | Orc:2    | Found a roughly hewn altar of Beogh.
 27871 | Orc:2    | Found Catir's Assorted Antiques.
 27900 | Orc:2    | Bought a glowing shield for 202 gold pieces
 27900 | Orc:2    | Bought a potion of heal wounds for 135 gold pieces
 27900 | Orc:2    | Bought an iron wand for 108 gold pieces
 27900 | Orc:2    | Bought a coppery potion for 24 gold pieces
 28576 | Orc:2    | Found a staircase to the Elven Halls.
 28853 | Orc:2    | Reached skill level 5 in Shields
 29202 | Shoals:1 | Entered Level 1 of the Shoals
 29500 | Shoals:1 | Noticed Roxanne
 29503 | Shoals:1 | Noticed Nikola
 29670 | Shoals:1 | Killed Nikola
 29948 | Shoals:1 | Reached skill level 10 in Shields
 30187 | Shoals:1 | Found a runed translucent gate.
 30188 | Shoals:1 | Found a runed translucent gate.
 30188 | Shoals:1 | Noticed a kraken
 30195 | Shoals:1 | Found a runed translucent gate.
 30198 | Shoals:1 | Noticed Decrebir's ghost (adept DDFi)
 31220 | Shoals:2 | Reached XP level 16. HP: 53/150 MP: 4/4
 31781 | Shoals:3 | Noticed Ilsuiw
 31866 | Shoals:2 | Killed Ilsuiw
 31866 | Shoals:2 | Reached skill level 7 in Evocations
 32867 | D:14     | Reached skill level 1 in Spellcasting
 33806 | D:15     | Entered Level 15 of the Dungeon
 34397 | D:15     | Reached skill level 8 in Evocations
 34813 | Shoals:3 | Reached skill level 9 in Evocations
 34982 | Shoals:3 | Reached skill level 10 in Evocations
 35021 | Shoals:3 | Noticed an Executioner
 35544 | Shoals:3 | Identified a scroll of acquirement
 35551 | Shoals:3 | Reached skill level 11 in Evocations
 35554 | Shoals:3 | Got a glittering brass ring
 35555 | Shoals:3 | Identified the ring "Fuzxaodu" {+Blink rN+ AC+3} (You
                  | acquired it on level 3 of the Shoals)
 35638 | Shoals:4 | Entered Level 4 of the Shoals
 35700 | Shoals:4 | Noticed Polyphemus
 36115 | D:15     | Reached skill level 12 in Evocations
 36620 | Shoals:4 | Reached skill level 13 in Evocations
 36654 | Shoals:4 | Got a heavily runed wooden ring
 36656 | Shoals:4 | Identified the ring of Eghufix {+Blink rF++ rC+ MR+ Stlth-}
                  | (You found it on level 4 of the Shoals)
 36969 | Shoals:4 | Reached skill level 14 in Evocations
 37147 | Shoals:4 | Reached XP level 17. HP: 157/157 MP: 4/4
 37222 | Shoals:4 | Reached skill level 15 in Evocations
 37275 | Shoals:4 | Identified the +7 scimitar "Asufrac" {distort, +Rage rC-
                  | rN+ Str+4}
 37605 | Shoals:4 | Killed Polyphemus
 37644 | Shoals:4 | Lost mutation: Your magical capacity is low. (-10% MP)
                  | [potion of mutation]
 37644 | Shoals:4 | Lost mutation: Your body sometimes deteriorates upon taking
                  | damage. [potion of mutation]
 37644 | Shoals:4 | Lost mutation: You expend magic power (3 MP) to strengthen
                  | your wands. [potion of mutation]
 37644 | Shoals:4 | Lost mutation: You are resistant to hostile enchantments.
                  | (MR+) [potion of mutation]
 37644 | Shoals:4 | Gained mutation: Your muscles are strong. (Str +2) [potion
                  | of mutation]
 37644 | Shoals:4 | Gained mutation: You have sharp fingernails. [potion of
                  | mutation]
 38130 | D:15     | Found a staircase to the Depths.
 38866 | Shoals:4 | Got a barnacled rune of Zot
 39196 | D:10     | Killed ShrewdGherkins's ghost
 39306 | Elf:1    | Entered Level 1 of the Elven Halls
 39481 | Elf:1    | Noticed Asterion
 40133 | Spider:1 | Entered Level 1 of the Spider Nest
 42111 | Elf:1    | Identified the Disquisition on Stolen Souls
 42429 | Elf:1    | Reached skill level 15 in Armour
 42789 | Elf:1    | Lost mutation: Your muscles are strong. (Str +2) [a
                  | cacodemon]
 44052 | Spider:2 | Reached skill level 10 in Invocations
 44639 | Elf:1    | Killed Asterion
 44639 | Elf:1    | Gained mutation: You passively map a large area around you.
                  | [Deep Dwarf growth]
 44639 | Elf:1    | Reached XP level 18. HP: 155/169 MP: 6/6
 45081 | Elf:2    | Found a radiant altar of Vehumet.
 45494 | Elf:2    | Found a runed translucent gate.
 45494 | Elf:2    | Found a runed translucent gate.
 45494 | Elf:2    | Found a runed translucent gate.
 46639 | Spider:2 | Identified the +6 chain mail of Distant Shores {Str+4
                  | Dex+2} (You found it on level 2 of the Spider Nest)
 46712 | Spider:3 | Noticed Kirke
 47024 | Spider:3 | Killed Kirke
 48159 | Spider:3 | Reached skill level 15 in Invocations
 48649 | D:10     | Killed ultrashaft's ghost
 48690 | D:10     | Identified the Reference Book on Doomed Boosts
 48838 | Depths:1 | Entered Level 1 of the Depths
 48853 | Depths:1 | Found Heuv Wuy's Armour Shop.
 48856 | Depths:1 | Bought the +1 helmet "Duvim" {rC+} for 423 gold pieces
 49894 | Depths:1 | Found a one-way gate to the infinite horrors of the Abyss.
 50025 | Depths:1 | Found a one-way gate leading to the halls of Pandemonium.
 50094 | Depths:1 | Found a gateway to Hell.
 50471 | Depths:1 | Reached skill level 15 in Polearms
 50597 | Depths:1 | Reached XP level 19. HP: 175/176 MP: 7/7
 51212 | Elf:3    | Entered Level 3 of the Elven Halls
 53243 | Spider:4 | Entered Level 4 of the Spider Nest
 53558 | Spider:3 | Gained mutation: Your magical capacity is low. (-10% MP)
                  | [mutagenic glow]
 53836 | Spider:4 | Noticed Arachne
 53869 | Spider:4 | Killed Arachne
 55388 | D:10     | Killed bonscott's ghost
 55455 | Orc:1    | Noticed Erica
 55484 | Orc:1    | Killed Erica
 57407 | Elf:3    | Identified the cursed +1 halberd of the Revolution {chop,
                  | rElec}
 57458 | Elf:3    | Identified the +12 war axe of the Reaper {drain, rElec rF+
                  | rC+}
 57458 | Elf:3    | Identified the ring "Vaol" {rElec MP+9 EV+6 Str+4 Dex-4}
 58153 | Spider:4 | Reached XP level 20. HP: 184/184 MP: 1/5
 58400 | Spider:4 | Got a gossamer rune of Zot
 58729 | Vaults:1 | Entered Level 1 of the Vaults
 58914 | Vaults:1 | Found a magical portal.
 59002 | WizLab   | Entered Doroklohe's Tomb
 59593 | Depths:1 | Voluntarily entered the Abyss.
 59754 | Depths:1 | Escaped the Abyss
 59803 | Depths:1 | Voluntarily entered the Abyss.
 60253 | Depths:1 | Escaped the Abyss
 60255 | Depths:1 | Voluntarily entered the Abyss.
 60271 | Abyss:1  | Found a corrupted altar of Lugonu.
 60526 | Abyss:1  | Noticed a bone dragon
 60563 | Abyss:1  | Found a runed translucent gate.
 60563 | Abyss:1  | Found a runed translucent gate.
 60563 | Abyss:1  | Found a runed translucent gate.
 60679 | Abyss:1  | Found a corrupted altar of Lugonu.
 60843 | Abyss:1  | Found a runed translucent gate.
 60935 | Depths:1 | Escaped the Abyss
 61382 | Elf:3    | Identified the +1 long sword of Cruel Justice {freeze,
                  | +Rage rC+}
 61433 | Elf:3    | Identified the +4 war axe of Yjoixt {protect, -Tele Str-3
                  | Int+8 Stlth+}
 61672 | Elf:3    | Identified the +0 large shield "Lomybur" {rElec Str+3} (You
                  | acquired it on level 3 of the Elven Halls)
 61824 | Elf:3    | Identified the cursed +3 scythe "Vona" {speed, *Slow Int+8
                  | Dex+5}
 61856 | Elf:3    | Identified Sif Muna's Incunabulum of Ice and Transmigration
 61917 | Elf:3    | Identified the +2 broad axe "Niucon" {speed, rC+ MR+
                  | Stlth+} (You found it on level 3 of the Elven Halls)
 62930 | Depths:1 | Voluntarily entered the Abyss.
 63092 | Abyss:2  | Found a corrupted altar of Lugonu.
 63095 | Abyss:2  | Found a corrupted altar of Lugonu.
 63193 | Abyss:2  | Upgraded the game from 0.24-a0-89-gce0dbf4 to
                  | 0.24-a0-91-g4e4936a
 63398 | Abyss:2  | Paralysed by accursed screaming for 1 turns
 63485 | Abyss:2  | Reached skill level 16 in Evocations
 63745 | Abyss:3  | Found a sacrificial altar of Ru.
 63747 | Abyss:3  | Got an abyssal rune of Zot
 63748 | Abyss:3  | Paralysed by a floating eye for 4 turns
 63926 | Abyss:3  | Noticed an ancient lich
 63949 | Abyss:3  | Killed an ancient lich
 63949 | Abyss:3  | Reached skill level 17 in Evocations
 63955 | Abyss:3  | Reached XP level 21. HP: 192/192 MP: 0/7
 64086 | Abyss:3  | Paralysed by accursed screaming for 1 turns
 64207 | Abyss:4  | Gained mutation: You are weak. (Str -2) [a neqoxec]
 64296 | Abyss:5  | Entered Level 5 of the Abyss
 64308 | Abyss:5  | Found a corrupted altar of Lugonu.
 64328 | Abyss:5  | Reached skill level 18 in Evocations
 64384 | Depths:1 | Escaped the Abyss
 64610 | Depths:2 | Noticed Sojobo
 64631 | Depths:2 | Killed Sojobo
 64631 | Depths:2 | Reached skill level 19 in Evocations
 64742 | Depths:2 | Noticed a caustic shrike
 65717 | Vaults:1 | Reached skill level 20 in Evocations
 66179 | Depths:2 | Killed a caustic shrike
 66407 | Depths:2 | Reached skill level 21 in Evocations
 66463 | Depths:2 | Paralysed by a floating eye for 4 turns
 66836 | Depths:2 | Reached skill level 22 in Evocations
 66960 | Depths:2 | Got a wavering pewter amulet
 66961 | Depths:2 | Identified the amulet of Neudus {Inacc rF- MR+ Str+4
                  | Stlth+} (You found it on level 2 of the Depths)
 66990 | Depths:2 | Reached XP level 22. HP: 200/200 MP: 10/10
 67234 | Depths:2 | Identified the +8 ring mail of Nadiytwu {+Inv rF+ Int-3}
                  | (You found it on level 2 of the Depths)
 67960 | Depths:3 | Reached skill level 23 in Evocations
 68134 | Depths:3 | Found a shattered altar of Ashenzari.
 68515 | D:11     | Identified the +5 cloak of Demons {rC+ Int+4} (You found it
                  | on level 11 of the Dungeon)
 68872 | Depths:3 | Reached skill level 24 in Evocations
 68922 | Depths:3 | Noticed Margery
 68932 | Depths:3 | Noticed a golden dragon
 68933 | Depths:3 | Killed Margery
 68943 | Depths:3 | Killed a golden dragon
 69107 | Depths:3 | Noticed Jory
 69804 | Depths:1 | Voluntarily entered the Abyss.
 69808 | Abyss:1  | Gained mutation: You are frail. (-10% HP) [a cacodemon]
 69815 | Abyss:1  | Gained mutation: You occasionally shout uncontrollably at
                  | your foes. [a cacodemon]
 69881 | Abyss:1  | Reached skill level 25 in Evocations
 69957 | Depths:1 | Escaped the Abyss
 69963 | Depths:1 | Identified the +0 large shield of the Imp {rElec Str+6
                  | Int-2 Stlth+} (You acquired it on level 1 of the Depths)
 69967 | Depths:1 | Voluntarily entered the Abyss.
 70011 | Abyss:1  | Gained mutation: Your magical capacity is very low. (-20%
                  | MP) [a neqoxec]
 70015 | Abyss:1  | Gained mutation: You are very weak. (Str -4) [a neqoxec]
 70083 | Depths:1 | Escaped the Abyss
 70254 | Depths:3 | Killed Jory
 70662 | Depths:3 | Found a burning altar of Makhleb.
 70783 | Depths:3 | Found a shadowy altar of Dithmenos.
 70916 | Depths:3 | Found a deep blue altar of Sif Muna.
 70998 | Depths:3 | Reached XP level 23. HP: 136/186 MP: 8/8
 72247 | Depths:5 | Entered Level 5 of the Depths
 72491 | Depths:5 | Noticed Saint Roka
 72522 | Depths:5 | Killed Saint Roka
 72928 | Depths:5 | Noticed Xtahua
 72943 | Depths:5 | Killed Xtahua
 72943 | Depths:5 | Reached skill level 15 in Shields
 73851 | Depths:5 | Found a gate to the Realm of Zot.
 74379 | Depths:5 | Noticed a juggernaut
 74381 | Depths:5 | Paralysed by a floating eye for 3 turns
 74397 | Depths:5 | Killed a juggernaut
 74581 | Depths:5 | Found a gateway to a ziggurat.
 74987 | Zot:1    | Entered Level 1 of the Realm of Zot
 75449 | Zot:1    | Gained mutation: Scrolls take you a little longer to read.
                  | [a cacodemon]
 75772 | Zot:1    | Reached XP level 24. HP: 196/196 MP: 8/8
 76646 | Zot:2    | Noticed an orb of fire
 76678 | Zot:2    | Gained mutation: You sometimes yell uncontrollably at your
                  | foes. [an orb of fire]
 76683 | Zot:2    | Killed an orb of fire
 76718 | Zot:2    | Reached skill level 15 in Fighting
 77245 | Zot:2    | You fall through a shaft for 2 floors!
 77293 | Zot:4    | Lost mutation: Scrolls take you a little longer to read.
                  | [potion of mutation]
 77293 | Zot:4    | Lost mutation: You are frail. (-10% HP) [potion of
                  | mutation]
 77293 | Zot:4    | Gained mutation: You are robust. (+10% HP) [potion of
                  | mutation]
 77294 | Zot:4    | Lost mutation: Your skin changes colour to match your
                  | surroundings (Stealth+). [potion of mutation]
 77294 | Zot:4    | Lost mutation: You sometimes yell uncontrollably at your
                  | foes. [potion of mutation]
 77294 | Zot:4    | Gained mutation: You are somewhat resistant to further
                  | mutation. [potion of mutation]
 77294 | Zot:4    | Gained mutation: You are partially covered in slimy green
                  | scales. (AC +2) [potion of mutation]
 77348 | Zot:4    | Found a transporter.
 77658 | Zot:2    | You fall through a shaft for 2 floors!
 78752 | Zot:3    | Noticed a Killer Klown
 78757 | Zot:3    | a Killer Klown changed into a golden dragon
 78929 | Zot:2    | Upgraded the game from 0.24-a0-91-g4e4936a to
                  | 0.24-a0-92-g7d8ec57
 79119 | Zot:3    | Noticed a Killer Klown
 79136 | Zot:3    | Killed a Killer Klown
 79913 | Zot:4    | Noticed an orb of fire
 79940 | Zot:4    | Killed an orb of fire
 79985 | Zot:4    | Reached XP level 25. HP: 118/267 MP: 8/8
 80163 | Depths:4 | Voluntarily entered the Abyss.
 80615 | Depths:4 | Escaped the Abyss
 80757 | Zot:4    | Found a transporter.
 80770 | Zot:4    | Got a clouded jade ring
 80790 | Zot:4    | Identified the ring "Zawn" {*Tele MP+9 Int+2} (You found it
                  | on level 4 of the Realm of Zot)
 81014 | Zot:5    | Entered Level 5 of the Realm of Zot
 81979 | Zot:5    | Noticed a Killer Klown
 81979 | Zot:5    | Noticed a Killer Klown
 81979 | Zot:5    | Noticed a Killer Klown
 81979 | Zot:5    | Noticed an orb of fire
 81979 | Zot:5    | Noticed a Killer Klown
 82224 | Zot:5    | Killed a Killer Klown
 82647 | Zot:5    | Noticed a Killer Klown
 82724 | Zot:5    | Killed a Killer Klown
 82766 | Zot:5    | Cast into level 3 of the Abyss (Killer Klown)
 82876 | Zot:5    | Escaped the Abyss
 82920 | Zot:5    | Killed a Killer Klown
 82921 | Zot:5    | Noticed an ancient lich
 82943 | Zot:5    | Killed an ancient lich
 83227 | Zot:5    | Killed an orb of fire
 83258 | Zot:5    | Killed a Killer Klown
 83263 | Zot:5    | Noticed an orb of fire
 83263 | Zot:5    | Noticed a Killer Klown
 83326 | Zot:5    | Killed an orb of fire
 83326 | Zot:5    | Reached XP level 26. HP: 230/292 MP: 8/8
 84628 | Zot:5    | Got the Orb of Zot
 84927 | Zot:1    | HP: 8/298 [Hell Sentinel/damnation (41)]
 84942 | Zot:1    | HP: 4/298 [green death (4)]
 84948 | Depths:5 | HP: 2/298 [green death/bolt of poison (2)]
 84979 | Depths:5 | HP: 13/298 [Executioner[the player character] (3)]
 84982 | Depths:5 | Killed from afar by a hellephant

Levels and vault maps discovered:
D:1:      evilmike_arrival_hilbert_curve, layout_rooms
D:2:      layout_loops_ring, nemelex_xobeh_ov_fountains_minmay,
          due_unseen_surprise, uniq_natasha
D:3:      layout_loops_ring, corexii_shack, chequers_arboretum,
          nemelex_diamond_rough_becter
D:4:      layout_gridville, nicolae_ru_path_of_blood, kiku_gazebo_garden_becter,
          yredelemnul_altar_generic, minmay_temple_entry_stoned_glass,
          chequers_mini_garden, minmay_between, uniq_crazy_yiuf_cottage
D:5:      layout_rooms, first_ration, grunt_dithmenos_shadows
D:6:      layout_gridville, zin_academy
D:7:      layout_cave_pods, kennysheep_mini_moat, serial_shops, shop, the_bakery
D:8:      layout_loops_ring, erik_lair_orcish_takeover
D:9:      layout_gridville, okawaru_ov_weapons_minmay
D:10:     layout_roguey, gammafunk_ghost_cemetery
D:11:     layout_stronghold, nicolae_straight_to_the_point
D:12:     layout_cave_pools, david_orc_5, portal_ice_cave_entry_imps,
          kennysheep_crisscross, minmay_misc_feat_ornament
D:13:     layout_loops_ring, lightli_vaults_fourway_checkpoint, minivault_14
D:14:     kennysheep_big_flooded_room, layout_basic, hex_medium
D:15:     hangedman_depths_entry_try_elsewhere_first, layout_rooms,
          hangedman_decor_clover_reticule
Temple:   minmay_freezing_vapour_temple
Lair:1:   layout_regular_city, enter_volcano_2
Lair:2:   layout_concentric_octagons, minmay_shoals_entry_centaurs,
          grunt_megastairs_3, serial_bayou_shore_a
Lair:3:   layout_roguey, nzn_random_ring
Lair:4:   layout_gridlike, nicolae_spider_entry_tight_spaces, ebering_ghost_xom,
          serial_bayou, serial_bayou_pond_d, serial_bayou_lagoon_a,
          serial_bayou_ford_a, serial_bayou_pond_e, uniq_snorg
Lair:5:   layout_concentric_octagons, slime_altar_1, minivault_19,
          grunt_megastairs_2
Lair:6:   minmay_lair_end_enchanted_forest, layout_regular_city, basic_altar,
          uniq_urug
Shoals:1: cheibrodos_shoals_oceanic_diplomacy, layout_shoals,
          ebering_ghost_davey_jones, uniq_nikola, uniq_roxanne
Shoals:2: layout_shoals
Shoals:3: layout_shoals, uniq_ilsuiw
Shoals:4: shoals_end_simple, layout_shoals, nicolae_shoals_aquamancer_cove,
          uniq_polyphemus
Spider:1: layout_spider_delve
Spider:2: layout_spider_delve
Spider:3: layout_spider_delve, uniq_kirke
Spider:4: grunt_spider_rune_circles, nicolae_orb_island, uniq_arachne
Orc:1:    layout_diamond_mine, minmay_orc_treasury, uniq_erica
Orc:2:    pubby_orc_utopia, serial_shops
Elf:1:    layout_gridlike, minmay_elf_necromancy, uniq_asterion
Elf:2:    layout_geoelf_grid, basic_altar
Elf:3:    minmay_elf_hall_spiked, layout_geoelf_diagonals
Vaults:1: ontoclasm_vaults_spin, serial_ice_h, v_misc_2, v_alt_pattern_1,
          vaults_room_pool, vaults_room_guarded_vault, ontoclasm_vaults_twist,
          layout_vaults_omnigrid, mu_enter_wizlab_5
Depths:1: layout_gridlike, pan_entry, serial_shops, nicolae_shop_behind_doors,
          minmay_room_of_horrors, hell_entry, columned_hall_lemuel,
          skrybe_limestone_x, minmay_misc_feat_roman, bh_walls_and_bars,
          grunt_megastairs_4
Depths:2: minmay_the_grid_square_5x5_4x4_mashed
          [minmay_the_grid_square_5x5_hourglass,
          minmay_the_grid_square_5x5_checkered,
          minmay_the_grid_square_5x5_forky,
          minmay_the_grid_square_5x5_six_small, minmay_the_grid_square_5x5_bite,
          minmay_the_grid_square_5x5_prize_open,
          minmay_the_grid_square_5x5_prize_rear_guard,
          minmay_the_grid_square_5x5_minibox,
          minmay_the_grid_square_5x5_inner_v,
          minmay_the_grid_square_5x5_prize_junk,
          minmay_the_grid_square_5x5_prize_itemx,
          minmay_the_grid_square_5x5_eight_small,
          minmay_the_grid_square_5x5_misaligned,
          minmay_the_grid_square_5x5_checkered_statues,
          minmay_the_grid_square_5x5_spiral,
          minmay_the_grid_square_5x5_one_wall], layout_honeycomb,
          grunt_hell_horde, minmay_misc_feat_tiny,
          hangedman_abyss_or_decor_passed, uniq_sojobo
Depths:3: grunt_profane_halls [grunt_profane_temple_geh,
          grunt_profane_temple_dis, grunt_profane_temple_tar,
          grunt_profane_temple_coc, grunt_profane_loot], hell_entry, pan_entry,
          uniq_margery, uniq_jory
Depths:4: minmay_inner_zag, layout_cave_pools, pf_vacation_house_of_asmodeus,
          minmay_staircase_windowed_large, abyss_entry_crystal
Depths:5: grunt_zot_entry_tricorne, layout_gridlike, enter_ziggurat_d,
          chequers_serial_rivers_small_a, grunt_pan_entry_in_and_out,
          hell_entry, uniq_xtahua, uniq_saint_roka
Zot:1:    layout_onion, grunt_megastairs_1
Zot:2:    layout_onion, grunt_ministairs_1, st_stairs_14
Zot:3:    circus_mu, layout_gridlike
Zot:4:    gammafunk_sealed_arena, layout_misc_corridors, st_stairs_10
Zot:5:    layout_basic, lemuel_baited_zot_trap
Abyss:1
Abyss:2
Abyss:3:  evilmike_abyss_exit_2, hangedman_decor_points
Abyss:4:  hangedman_abyss_or_decor_clamps, evilmike_abyss_exit_2
Abyss:5:  evilmike_abyss_exit_9, serial_sigils_hangedman_quiver,
          hangedman_eye_storm
IceCv:    ice_cave_small_demon
Volcano:  volcano_grotto [vgs_many_chambers]
WizLab:   wizlab_doroklohe

Skill      XL: |  1  2  3  4  5  6  7  8  9 10 11 12 13 14 15 16 17 18 19 20 21 22 23 24 25 26 |
---------------+-------------------------------------------------------------------------------+-----
Fighting       | 2 3 4 5 7 8 10 11 12 13 17 21 22 | 22.6
Polearms       | 2 3 4 5 7 9 10 11 12 13 15 18 19 | 19.6
Armour         | 3 4 5 6 7 9 10 12 15 | 15.1
Throwing       | 1 3 4 5 6 |  6.6
Maces & Flails | 6 11 12 | 12.0
Evocations     | 3 6 14 15 17 22 25 | 25.0
Shields        | 4 10 11 13 17 | 17.7
Invocations    | 8 10 15 16 | 16.1
Spellcasting   | 3 |  3.5
Crossbows      | |  1.1
Dodging        | |  1.5
Stealth        | |  2.7

Action                   |  1- 3 |  4- 6 |  7- 9 | 10-12 | 13-15 | 16-18 | 19-21 | 22-24 | 25-27 || total
-------------------------+-------+-------+-------+-------+-------+-------+-------+-------+-------++-------
Melee: Spear             |   191 |   288 |   514 |   381 |     2 |       |       |       |       ||  1376
       Glaive            |       |       |       |   469 |   842 |       |       |       |       ||  1311
       Demon whip        |       |       |       |       |  1558 |    24 |       |       |       ||  1582
       Demon trident     |       |       |       |       |    69 |  2454 |  2428 |  2394 |  1288 ||  8633
 Fire: Blowgun           |       |       |       |       |    18 |       |       |       |       ||    18
Throw: Stone             |    22 |    10 |    68 |    36 |       |       |       |       |       ||   136
       Tomahawk          |       |       |    22 |    14 |    71 |   139 |    64 |       |       ||   310
       Javelin           |       |       |       |    38 |    39 |   131 |   107 |    65 |    30 ||   410
       Throwing net      |       |       |       |       |     3 |       |       |       |       ||     3
Invok: Lesser Servant of |       |       |       |       |     4 |    11 |       |       |       ||    15
       Greater Servant o |       |       |       |       |       |    11 |     7 |    12 |     3 ||    33
 Abil: Heal Wounds       |     2 |     3 |    10 |    23 |    65 |    22 |     2 |     2 |       ||   129
       Evoke Berserk Rag |       |       |       |       |    39 |       |       |       |       ||    39
       Evoke Invisibilit |       |       |       |       |       |    40 |    53 |    41 |     7 ||   141
Evoke: Wand              |       |       |     5 |    28 |    55 |    40 |    19 |    40 |     5 ||   192
       Sack of spiders   |       |       |       |       |     9 |     5 |     4 |       |       ||    18
       Box of beasts     |       |       |       |       |       |     1 |     3 |       |       ||     4
       Lightning rod     |       |       |       |       |       |    25 |    13 |    34 |       ||    72
       Phial of floods   |       |       |       |       |       |       |     3 |    13 |     2 ||    18
       Lamp of fire      |       |       |       |       |       |       |     2 |    12 |       ||    14
       Fan of gales      |       |       |       |       |       |       |       |     5 |       ||     5
       Phantom mirror    |       |       |       |       |       |       |       |     1 |       ||     1
  Use: Potion            |     2 |       |       |    18 |    12 |    13 |    11 |    18 |     9 ||    83
       Scroll            |       |    10 |     9 |    21 |    16 |    10 |    24 |    18 |    13 ||   121
 Stab: Distracted        |     1 |       |       |       |       |     5 |     5 |     3 |       ||    14
       Sleeping          |     1 |       |       |       |       |       |       |       |       ||     1
       Paralysed         |       |       |    14 |       |       |    15 |       |       |       ||    29
       Invisible         |       |       |       |     1 |     1 |   111 |   138 |   152 |    28 ||   431
       Betrayed ally     |       |       |       |       |       |     2 |       |       |       ||     2
       Held in net/web   |       |       |       |       |       |       |     2 |       |       ||     2
       Confused          |       |       |       |       |       |       |     1 |       |       ||     1
  Eat: Chunk             |     1 |     9 |     8 |    17 |    50 |    25 |    24 |    21 |     2 ||   157
       Ration            |       |       |     1 |     2 |    12 |    16 |    15 |    11 |     5 ||    62
Armor: Skin              |    11 |       |       |       |       |       |       |       |       ||    11
       Robe              |    16 |       |       |       |       |       |       |       |       ||    16
       Chain mail        |    13 |   109 |   171 |    43 |       |   127 |   513 |   282 |       ||  1258
       Leather armour    |     9 |       |       |       |       |       |       |       |       ||     9
       Scale mail        |       |       |       |   322 |   241 |       |       |       |       ||   563
       Plate armour      |       |       |       |       |   905 |   708 |       |       |       ||  1613
       Gold dragon scale |       |       |       |       |       |       |       |   489 |   341 ||   830
Dodge: Dodged            |    90 |    78 |   120 |   423 |   736 |   449 |   441 |   732 |   203 ||  3272
Block: Shield            |       |       |       |       |   609 |  1717 |  1323 |  1707 |   758 ||  6114
       Buckler           |       |       |       |       |   110 |       |       |       |       ||   110
       Other             |       |       |       |       |     2 |       |       |       |       ||     2
       Reflection        |       |       |       |       |    35 |   132 |    94 |    37 |    15 ||   313

Table legend:
 A = Non-vault XP
 B = Vault XP
 C = Vault XP percentage of total XP
 D = Non-vault monster count
 E = Vault monster count
 F = Vault count percentage of total count
                 A         B        C        D         E       F
            +---------+---------+-------+---------+---------+-------
      Total |  837676 |  555921 |  39.9 |    1608 |     828 |  34.0
            +---------+---------+-------+---------+---------+-------
        D:1 |      61 |       0 |   0.0 |      35 |       0 |   0.0
        D:2 |     154 |      35 |  18.5 |      29 |       1 |   3.3
        D:3 |     101 |       2 |   1.9 |      20 |       1 |   4.8
        D:4 |     175 |      82 |  31.9 |       7 |       4 |  36.4
        D:5 |     985 |     131 |  11.7 |      22 |       1 |   4.3
        D:6 |     931 |       0 |   0.0 |      31 |       0 |   0.0
        D:7 |    1238 |     248 |  16.7 |      16 |       2 |  11.1
        D:8 |    1342 |     609 |  31.2 |      46 |       8 |  14.8
        D:9 |    2415 |       0 |   0.0 |      28 |       0 |   0.0
       D:10 |    1869 |    2359 |  55.8 |      21 |       3 |  12.5
       D:11 |    4623 |     137 |   2.9 |      42 |       1 |   2.3
       D:12 |    4268 |    6234 |  59.4 |      22 |      44 |  66.7
       D:13 |    3458 |    4751 |  57.9 |      20 |      12 |  37.5
       D:14 |    6419 |    1905 |  22.9 |      27 |       2 |   6.9
       D:15 |   15465 |    3458 |  18.3 |      34 |       5 |  12.8
     Lair:1 |    6357 |       0 |   0.0 |      27 |       0 |   0.0
     Lair:2 |    8315 |    3324 |  28.6 |      25 |      10 |  28.6
     Lair:3 |    2046 |    4059 |  66.5 |      10 |       9 |  47.4
     Lair:4 |    6920 |    3301 |  32.3 |      25 |       9 |  26.5
     Lair:5 |    3961 |    1901 |  32.4 |      18 |      12 |  40.0
     Lair:6 |   11034 |    8552 |  43.7 |      30 |      38 |  55.9
   Shoals:1 |   12463 |    8355 |  40.1 |      35 |      11 |  23.9
   Shoals:2 |    8170 |    2883 |  26.1 |      15 |       2 |  11.8
   Shoals:3 |   12369 |    3932 |  24.1 |      23 |       5 |  17.9
   Shoals:4 |   17485 |   25909 |  59.7 |      44 |      43 |  49.4
   Spider:1 |   18923 |       0 |   0.0 |      52 |       0 |   0.0
   Spider:2 |   13622 |     769 |   5.3 |      44 |       4 |   8.3
   Spider:3 |   11597 |    2068 |  15.1 |      24 |       1 |   4.0
   Spider:4 |   13341 |   24918 |  65.1 |      38 |      42 |  52.5
      Orc:1 |    3725 |    4087 |  52.3 |      36 |      32 |  47.1
      Orc:2 |       0 |   24412 | 100.0 |       0 |     146 | 100.0
      Elf:1 |   13853 |    5178 |  27.2 |      23 |       9 |  28.1
      Elf:2 |   23594 |     913 |   3.7 |      36 |       1 |   2.7
      Elf:3 |   34103 |   39009 |  53.4 |      52 |      31 |  37.3
   Vaults:1 |   22435 |    5483 |  19.6 |      37 |      17 |  31.5
   Depths:1 |   39026 |    6097 |  13.5 |      64 |      16 |  20.0
   Depths:2 |   46568 |   46872 |  50.2 |      57 |      46 |  44.7
   Depths:3 |    4334 |   95454 |  95.7 |       8 |     112 |  93.3
   Depths:4 |   15152 |    4578 |  23.2 |      19 |       5 |  20.8
   Depths:5 |   37855 |   37658 |  49.9 |      38 |      42 |  52.5
      Zot:1 |   69050 |    3928 |   5.4 |      48 |       2 |   4.0
      Zot:2 |   45262 |    4335 |   8.7 |      33 |       3 |   8.3
      Zot:3 |   54159 |    9013 |  14.3 |      34 |       9 |  20.9
      Zot:4 |   36634 |     542 |   1.5 |      18 |       1 |   5.3
      Zot:5 |   61767 |  145598 |  70.2 |      40 |      40 |  50.0
    Abyss:1 |   82758 |    1455 |   1.7 |     149 |       1 |   0.7
    Abyss:2 |   26877 |       0 |   0.0 |      59 |       0 |   0.0
    Abyss:3 |   22623 |     505 |   2.2 |      32 |       1 |   3.0
    Abyss:4 |    3132 |    2358 |  43.0 |      11 |       4 |  26.7
    Abyss:5 |    4662 |    2874 |  38.1 |       4 |       8 |  66.7
      IceCv |       0 |    4615 | 100.0 |       0 |      27 | 100.0
    Volcano |       0 |     784 | 100.0 |       0 |       4 | 100.0
     WizLab |       0 |     251 | 100.0 |       0 |       1 | 100.0
            +---------+---------+-------+---------+---------+-------
